 Dungeon Crawl Stone Soup version 0.22.0-32-gbc6daba (console) character file.

1120 removed the Conjurer (level 8, -1/79 HPs)
             Began as an Ogre Conjurer on Aug 23, 2018.
             Slain by an ice beast (5 damage)
             ... on level 6 of the Dungeon.
             The game lasted 00:11:09 (6888 turns).

removed the Conjurer (Ogre Conjurer)                Turns: 6888, Time: 00:11:10

Health: -1/79      AC:  4    Str: 13    XL:     8   Next: 34%
Magic:  2/16       EV: 11    Int: 18    God:
Gold:   299        SH:  0    Dex:  9    Spells: 15/18 levels left

rFire    . . .     SeeInvis .   a - +1 spear (venom)
rCold    . . .     Gourm    .   (no shield)
rNeg     . . .     Faith    .   q - +0 robe
rPois    .         Spirit   .   (helmet restricted)
rElec    .         Reflect  .   u - +0 cloak
rCorr    .         Harm     .   (gloves unavailable)
MR       .....                  (boots unavailable)
Stlth    +.........             (no amulet)
HPRegen  0.23/turn              (no ring)
MPRegen  0.15/turn              (no ring)

@: no status effects
A: large, unfitting armour, tough skin 1
a: no special abilities


You were on level 6 of the Dungeon.
You were not hungry.

You visited 1 branch of the dungeon, and saw 6 of its levels.

You collected 299 gold pieces.

Inventory:

Hand Weapons
 a - a +1 spear of venom (weapon)
 e - a +0 club
 t - a +0 blowgun
 x - a +0 dagger of freezing
Missiles
 s - 7 curare-tipped needles
Armour
 q - a +0 robe (worn)
 u - a +0 cloak (worn)
Scrolls
 h - 2 scrolls of fog
 j - 2 scrolls of magic mapping {unknown}
 l - 3 scrolls of remove curse
 n - a scroll of random uselessness {unknown}
 o - a scroll of amnesia
 p - a scroll of teleportation {unknown}
 w - a scroll of identify {unknown}
 y - a scroll of blinking {unknown}
 z - a scroll of immolation
 D - a scroll of fear {unknown}
Potions
 A - a potion of berserk rage {unknown}
 B - a potion of curing
Comestibles
 c - 14 rations


   Skills:
 - Level 4.8 Fighting
 - Level 3.4 Dodging
 - Level 1.4 Stealth
 + Level 5.5 Spellcasting
 - Level 7.1 Conjurations


You had 15 spell levels left.
You knew the following spells:

 Your Spells              Type           Power        Failure   Level  Hunger
a - Magic Dart            Conj           ####         1%          1    None
b - Searing Ray           Conj           ####..       1%          2    None

Your spell library contained the following spells:

 Spells                   Type           Power        Failure   Level  Hunger
 Iskenderun's Mystic Bla  Conj           ####....     7%          4    ####...
 Dazzling Spray           Conj/Hex       ###...       9%          3    ##.....
 Beastly Appendage        Tmut           #.....       13%         1    None
 Sticks to Snakes         Tmut           #.......     19%         2    None
 Force Lance              Conj/Tloc      ###.....     28%         4    ####...
 Fulminant Prism          Conj/Hex       ###.......   28%         4    ####...
 Spider Form              Tmut/Pois      #.........   36%         3    ##.....
 Ice Form                 Ice/Tmut       #.......     77%         4    ####...
 Blade Hands              Tmut           #.........   98%         5    #####..


Dungeon Overview and Level Annotations

Branches:
Dungeon (6/15)
 Temple: D:4-7

Altars:

Annotations:
D:5 Edmund


Innate Abilities, Weirdness & Mutations

You are too large for most types of armour.
You have tough skin. (AC +1)


Message History

The ice beast is almost dead.
The ice beast hits you. The ice beast freezes you!
* * * LOW HITPOINT WARNING * * *
Casting: Magic Dart (safe; 1% risk of failure)
Confirm with . or Enter, or press ? or * to list all spells.
Aiming: Magic Dart (safe; 1% risk of failure)
Press: ? - help, Shift-Dir - straight line, f/p - ice beast
Aim: an ice beast (almost dead)
The magic dart hits the ice beast.
The ice beast is almost dead.
The ice beast hits you.
* * * LOW HITPOINT WARNING * * *
The ice beast freezes you!
* * * LOW HITPOINT WARNING * * *
Unknown command.
There is a stone staircase leading up, spattered with blood here.
The ice beast hits you.
* * * LOW HITPOINT WARNING * * *
The ice beast freezes you.
You die...

#.....#..#....§§§§§.#.......#
#.....#..#.....§§.P.#.......#
......#####..##.§####.......#
......# #..##§#######+#....
......# .. +§§§.......P....
......# #..........P...
.###### ##...##........ ##
##.(##.Y.##........
.......@.......#...
...............# ..
##..###..#####.# #.. #..# .#
#. ..... . # ....... .#
........ .........


You could see an ice beast.

Vanquished Creatures
  Grinder (D:5)
  A hornet zombie (D:6)
  A phantom (D:6)
  3 ogres
  A scorpion (D:4)
  3 bullfrog zombies (D:6)
  A hound (D:4)
  3 orc priests
  2 orc wizards
  4 gnolls (D:2)
  2 adders
  An ooze (D:1)
  4 worms
  3 dart slugs (D:1)
  3 leopard geckos
  15 orcs
  3 ball pythons
  7 giant cockroaches
  11 goblins
  9 hobgoblins
  7 jackals
  8 bats
  4 frilled lizards
  9 kobolds
  6 rats
112 creatures vanquished.

Vanquished Creatures (others)
  4 toadstools (D:1)
4 creatures vanquished.

Grand Total: 116 creatures vanquished

Notes
Turn   | Place    | Note
-------+----------+-------------------------------------------
     0 | D:1      | removed the Ogre Conjurer began the quest for the Orb.
     0 | D:1      | Reached XP level 1. HP: 16/16 MP: 3/3
   153 | D:1      | Reached skill level 4 in Conjurations
   153 | D:1      | Reached XP level 2. HP: 23/24 MP: 0/5
   423 | D:1      | Learned a level 2 spell: Searing Ray
   561 | D:1      | Reached XP level 3. HP: 28/31 MP: 0/6
  1486 | D:2      | Reached skill level 5 in Conjurations
  1513 | D:2      | Reached XP level 4. HP: 39/39 MP: 1/7
  2646 | D:3      | Reached XP level 5. HP: 45/45 MP: 3/8
  2832 | D:3      | Reached skill level 6 in Conjurations
  3364 | D:3      | Reached XP level 6. HP: 53/53 MP: 4/10
  4522 | D:5      | Entered Level 5 of the Dungeon
  4530 | D:4      | Reached XP level 7. HP: 44/59 MP: 8/13
  4726 | D:5      | Reached skill level 7 in Conjurations
  5039 | D:5      | Reached skill level 5 in Spellcasting
  5116 | D:5      | Noticed Grinder
  5402 | D:5      | Reached skill level 1 in Fighting
  5405 | D:5      | Noticed Edmund
  5837 | D:5      | Paralysed by Grinder for 5 turns
  5844 | D:5      | Paralysed by Grinder for 3 turns
  5854 | D:5      | Killed Grinder
  5854 | D:5      | Reached XP level 8. HP: 75/79 MP: 2/15
  6888 | D:6      | Slain by an ice beast

Skill      XL: |  1  2  3  4  5  6  7  8 |
---------------+-------------------------+-----
Conjurations   | 4 5 6 7 |  7.1
Spellcasting   | 3 4 5 |  5.5
Fighting       | 4 |  4.8
Dodging        | 3 |  3.4
Stealth        | |  1.4

Action                   |  1- 3 |  4- 6 |  7- 9 || total
-------------------------+-------+-------+-------++-------
Melee: Club              |    25 |     3 |       ||    28
       Spear             |       |    17 |    19 ||    36
 Cast: Magic Dart        |    83 |    72 |    45 ||   200
       Searing Ray       |     2 |    15 |    15 ||    32
  Use: Scroll            |       |     4 |       ||     4
       Potion            |       |       |     4 ||     4
 Stab: Sleeping          |       |     1 |       ||     1
  Eat: Chunk             |     3 |    10 |     4 ||    17
       Ration            |       |       |     1 ||     1
Armor: Robe              |     7 |     7 |    14 ||    28
Dodge: Dodged            |    20 |    18 |    28 ||    66
